 Dungeon Crawl Stone Soup version 0.26.0-90-g5fd8617961 (webtiles) character file.

Game seed: 1196637521886269329

3336 DearestLeader the Cleaver (level 9, 0/79 HPs)
             Began as a Minotaur Fighter on Feb 2, 2021.
             Slain by an orc warrior
             ... wielding a +0 broad axe
              (21 damage)
             ... in a bailey.
             The game lasted 00:13:37 (7351 turns).

DearestLeader the Cleaver (Minotaur Fighter)        Turns: 7351, Time: 00:13:38

Health: 0/79       AC: 15    Str: 23    XL:     9   Next: 72%
Magic:  8/8        EV: 12    Int:  5    God:
Gold:   359        SH:  0    Dex: 11    Spells: 8/8 levels left

rFire    . . .     SeeInvis .   E - +3 battleaxe (freeze)
rCold    . . .     Faith    .   (shield currently unavailable)
rNeg     . . .     Spirit   .   x - +2 chain mail {rPois}
rPois    +         Reflect  .   (helmet restricted)
rElec    .         Harm     .   (no cloak)
rCorr    .         Rampage  .   q - +1 pair of gloves
Will     .....                  (no boots)
Stlth    ..........             (no amulet)
HPRegen  0.23/turn              k - +4 ring of evasion
MPRegen  0.11/turn              (no ring)

@: no status effects
A: retaliatory headbutt, horns 2
a: no special abilities


You were in a bailey.
You visited 1 branch of the dungeon, and saw 7 of its levels.
You also visited: Bailey.

You collected 359 gold pieces.

Inventory:

Hand Weapons
 a - a +0 war axe
 y - a +0 shortbow
 E - a +3 battleaxe of freezing (weapon)
Missiles
 g - 36 poisoned darts (quivered)
 z - 39 arrows
Armour
 c - a +0 kite shield
 l - a +0 buckler
 q - a +1 pair of gloves (worn)
 x - a +2 chain mail of poison resistance (worn)
Jewellery
 k - a +4 ring of evasion (left hand)
 C - an uncursed ring of ice
Wands
 A - a wand of digging (1)
Scrolls
 h - 5 scrolls of remove curse
 i - 5 scrolls of teleportation
 o - a scroll of blinking
 p - 2 scrolls of amnesia
 t - 2 scrolls of enchant weapon
 v - 3 scrolls of enchant armour
 w - a scroll of fog
 D - a scroll of identify
Potions
 b - 2 potions of attraction
 d - 2 potions of might
 e - a potion of ambrosia
 f - 2 potions of lignification
 j - 7 potions of curing
 m - 3 potions of heal wounds
 n - 5 potions of haste
 r - a potion of mutation
 s - 2 potions of flight
 u - 4 potions of brilliance
 B - a potion of invisibility {unknown}
 F - a potion of magic {unknown}


   Skills:
 - Level 7.1 Fighting
 * Level 13.3 Axes
 + Level 7.7 Armour
 - Level 4.0 Shields


You had 8 spell levels left.
You didn't know any spells.
Your spell library was empty.

Dungeon Overview and Level Annotations

Branches:
Dungeon (7/15)             Bailey (1/1)
 Temple: D:4-7

Altars:
Gozag
Kikubaaqudgha
Qazlal
Uskayaw
Zin


Innate Abilities, Weirdness & Mutations

You reflexively headbutt those who attack you in melee.
You have a pair of horns on your head.


Message History

You headbutt the gnoll, but do no damage.
The gnoll is severely wounded.
You hit the orc warrior but do no damage. x2
The gnoll hits you but does no damage.
The orc warrior hits you but does no damage.
You hit the gnoll. You freeze the gnoll.
You kill the gnoll!
You hit the orc warrior but do no damage.
You slash the orc warrior! You freeze the orc warrior.
You slash the orc warrior! You freeze the orc warrior.
You kill the orc warrior!
The orc warrior no longer looks unusually strong.
The orc warrior closely misses you. You furiously retaliate!
You headbutt the orc warrior.
The orc warrior hits you with a +0 broad axe!!
* * * LOW HITPOINT WARNING * * *
The orc warlord roars a battlecry!
The orc warrior goes into a battle-frenzy!
The orc warrior hits you with a +0 broad axe!!
You die...

#...........
#...........
###.).......#
###.#)#.....###
###....)###.###.o
##.........### ...
#..........8# .g..
#.)..g.....8#gg...
#@g.o.o.g...'.oog.
#oo........8#gog..
#..........8# ....
##.........### o..
###.....###.###..
###.#'#.....###
###)).......#
#...........
#...........


You could see an orc warlord (strong), 3 orc warriors, a hobgoblin and 2
goblins.

Vanquished Creatures
  Duvessa (D:4)
  A sky beast (D:7)
  6 orc warriors
  3 phantoms
  3 ogres
  2 centaurs
  A big kobold (D:6)
  2 bullfrogs (D:7)
  A gnoll sergeant (D:7)
  Dowan (D:4)
  3 scorpions
  8 wights (D:7)
  A howler monkey (D:7)
  2 hounds
  An orc priest (D:5)
  2 bullfrog skeletons
  3 orc wizards
  4 iguanas
  A centaur skeleton (D:6)
  6 worker ants
  A howler monkey zombie (D:6)
  A worker ant zombie (D:5)
  9 adders
  23 gnolls
  A howler monkey skeleton (D:4)
  A shadow imp (D:5)
  An ufetubus (D:5)
  2 adder skeletons (D:4)
  6 worms
  A dart slug (D:4)
  5 leopard geckos
  37 orcs
  2 ball pythons (D:1)
  2 bat zombies (D:2)
  7 giant cockroaches
  22 goblins
  22 hobgoblins
  12 jackals
  3 quokkas
  8 bats
  10 frilled lizards
  11 kobolds
  6 rats
  A rat zombie (D:2)
246 creatures vanquished.

Vanquished Creatures (others)
  9 plants (D:4)
9 creatures vanquished.

Grand Total: 255 creatures vanquished

Notes
Turn   | Place    | Note
-------+----------+-------------------------------------------
     0 | D:1      | DearestLeader the Minotaur Fighter began the quest for the
                  | Orb.
     0 | D:1      | Reached XP level 1. HP: 19/19 MP: 0/0
   145 | D:1      | Reached skill level 3 in Axes
   145 | D:1      | Reached XP level 2. HP: 24/26 MP: 1/1
   979 | D:2      | Reached XP level 3. HP: 8/33 MP: 2/2
  1449 | D:2      | Reached skill level 4 in Axes
  1805 | D:2      | Reached XP level 4. HP: 40/40 MP: 3/3
  2053 | D:2      | Found an ancient bone altar of Kikubaaqudgha.
  2418 | D:3      | Reached skill level 5 in Axes
  2476 | D:3      | Reached XP level 5. HP: 26/46 MP: 4/4
  2660 | D:3      | Reached skill level 6 in Axes
  3221 | D:4      | Reached skill level 7 in Axes
  3221 | D:4      | Reached XP level 6. HP: 23/52 MP: 5/5
  3435 | D:4      | Noticed Duvessa
  3436 | D:4      | Noticed Dowan
  3468 | D:4      | Killed Duvessa
  3469 | D:4      | Reached skill level 8 in Axes
  3475 | D:4      | Killed Dowan
  3676 | D:4      | Reached XP level 7. HP: 59/59 MP: 6/6
  3821 | D:4      | Reached skill level 9 in Axes
  3853 | D:4      | Found a stormy altar of Qazlal.
  4276 | D:5      | Entered Level 5 of the Dungeon
  4437 | D:5      | Reached skill level 10 in Axes
  4511 | D:5      | Found a hide-covered altar of Uskayaw.
  4650 | D:5      | Reached XP level 8. HP: 45/67 MP: 7/7
  4945 | D:5      | You fall into a shaft and drop 1 floor!
  4981 | D:6      | Reached skill level 5 in Fighting
  4981 | D:6      | Reached skill level 11 in Axes
  4981 | D:6      | Reached skill level 5 in Armour
  6315 | D:6      | Reached XP level 9. HP: 75/75 MP: 8/8
  6397 | D:6      | Found a glowing silver altar of Zin.
  6518 | D:6      | Found an opulent altar of Gozag.
  6548 | D:7      | Reached skill level 12 in Axes
  6853 | D:7      | Found a flagged portal.
  6864 | Bailey   | Entered a bailey
  7115 | Bailey   | Reached skill level 13 in Axes
  7334 | Bailey   | Noticed an orc warlord
  7334 | Bailey   | Noticed an orc knight
  7351 | Bailey   | Slain by an orc warrior

Illustrated notes

Levels and vault maps discovered:
D:1:      giann_wishing_wells, layout_basic, minmay_unequal
D:2:      layout_loops_ring, lemuel_zombie_altar_kikubaaqudgha
D:3:      layout_rooms
D:4:      layout_rooms, lemuel_round_altar, serial_forest,
          infiniplex_forest_lined_room_2, infiniplex_forest_clump_C,
          infiniplex_forest_end_1, infiniplex_forest_end_1, serial_bayou_pond_b,
          uniq_duvessa
D:5:      layout_gridville, general_overflow_altar
D:6:      layout_basic, pdpol_temple_overflow_zin_treasury_gozag_greed
D:7:      layout_loops_ring, lemuel_doored_altar, lemuel_temple_firewalk_b,
          serial_shops, shop, nicolae_shop_statue_plus, enter_bailey_5
Bailey:   bailey_axe_minmay_hex_keep, bailey

Skill      XL: |  1  2  3  4  5  6  7  8  9 |
---------------+----------------------------+-----
Axes           | 3 4 5 7 8 10 11 13 | 13.3
Armour         | 4 6 7 |  7.7
Shields        | 4 |  4.0
Fighting       | 4 6 7 |  7.1

Action                   |  1- 3 |  4- 6 |  7- 9 || total
-------------------------+-------+-------+-------++-------
Melee: War axe           |    95 |   159 |   242 ||   496
       Headbutt          |    11 |    22 |    66 ||    99
       Battleaxe         |       |       |    99 ||    99
  Use: Scroll            |     6 |     4 |     7 ||    17
Armor: Scale mail        |    30 |    30 |       ||    60
       Chain mail        |       |    27 |    86 ||   113
Dodge: Dodged            |    33 |    78 |   118 ||   229
Block: Kite shield       |    53 |    88 |   102 ||   243
